 Dungeon Crawl Stone Soup version 0.21-a0-517-gd76cfe0 (webtiles) character file.

106 Firecrotchwizard the Magician (level 4, 0/32 HPs)
             Began as a Gnoll Wanderer on Dec 3, 2017.
             Was a Follower of Ashenzari.
             Slain by an orc (4 damage)
             ... on level 3 of the Dungeon.
             The game lasted 00:04:39 (3001 turns).

Firecrotchwizard the Magician (Gnoll Wanderer)      Turns: 3001, Time: 00:04:39

Health: 0/32       AC:  6    Str: 15    XL:     4   Next: 84%
Magic:  13/13      EV:  9    Int: 14    God:    Ashenzari [*.....]
Gold:   144        SH:  5    Dex: 15    Spells: 16/17 levels left

rFire    . . .     SeeInvis .   o - +0 mace
rCold    . . .     Gourm    .   c - +0 buckler
rNeg     . . .     Faith    .   g - +0 scale mail
rPois    .         Spirit   .   (no helmet)
rElec    .         Reflect  .   (no cloak)
rCorr    .         Harm     .   (no gloves)
MR       .....                  (no boots)
Stlth    ..........             (no amulet)
HPRegen  0.10/turn              (no ring)
MPRegen  0.13/turn              (no ring)

@: no status effects
A: distributed training, fangs 1, strong nose
a: Curse Item, Scrying, Renounce Religion


You were on level 3 of the Dungeon.
You worshipped Ashenzari.
Ashenzari was aware of your devotion.
You were not hungry.

You visited 1 branch of the dungeon, and saw 3 of its levels.

You collected 144 gold pieces.

Inventory:

Hand Weapons
 o - a +0 mace (weapon)
   (You found it on level 1 of the Dungeon)
 p - a +0 hunting sling
   (You took it off a goblin on level 2 of the Dungeon)
Armour
 c - a +0 buckler (worn)
 d - a +0 robe
 g - a +0 scale mail (worn)
   (You found it on level 2 of the Dungeon)
Jewellery
 s - a +4 ring of dexterity
   (You found it on level 3 of the Dungeon)
Scrolls
 e - a scroll of identify {unknown}
 k - 2 scrolls of remove curse
 n - a scroll of immolation {unknown}
 q - 3 scrolls of teleportation {unknown}
Potions
 j - 2 potions of lignification {unknown}
 l - a potion of agility {unknown}
 m - a potion of curing {unknown}
 r - a potion of brilliance {unknown}
 t - a potion of cancellation {unknown}
Books
 a - a book of Frost
 b - the Almanac of Envenoming

   Spells                             Type                      Level
   a - Sting                          Conjuration/Poison           1
   b - Ignite Poison                  Fire/Transmutation/Poison    3
Comestibles
 f - a bread ration {@e1}
 h - 2 meat rations {@e2}
 i - a royal jelly


   Skills:
 + Level 1.2 Fighting
 + Level 1.2 Short Blades
 + Level 1.2 Long Blades
 + Level 1.2 Axes
 + Level 1.2 Maces & Flails
 + Level 1.2 Polearms
 + Level 1.2 Staves
 + Level 1.2 Slings
 + Level 1.2 Bows
 + Level 1.2 Crossbows
 + Level 2.8 Throwing
 + Level 1.2 Armour
 + Level 1.2 Dodging
 + Level 1.2 Stealth
 + Level 2.8 Shields
 + Level 1.2 Unarmed Combat
 + Level 7.2 Spellcasting
 + Level 1.0 Conjurations
 + Level 1.0 Hexes
 + Level 1.0 Charms
 + Level 1.0 Summonings
 + Level 1.0 Necromancy
 + Level 1.0 Translocations
 + Level 1.0 Transmutations
 + Level 1.0 Fire Magic
 + Level 7.1 Ice Magic
 + Level 1.0 Air Magic
 + Level 1.0 Earth Magic
 + Level 2.3 Poison Magic
 + Level 1.3 Invocations
 + Level 1.2 Evocations


You had 16 spell levels left.
You knew the following spells:

 Your Spells              Type           Power        Failure   Level  Hunger
a - Freeze                Ice            ####         3%          1    None


Dungeon Overview and Level Annotations

Branches:
Dungeon (3/15)

Altars:
Ashenzari
Ru


Innate Abilities, Weirdness & Mutations

Your experience applies equally to all skills.
You have very sharp teeth.
Your uncanny sense of smell can sniff out nearby items.


Message History

You feel stronger. You block the bat's attack.
You regained 5 hp, and now have 20/32 hp.
MP restored: 13 No target in view!
No target in view!
You start resting.
The bat hits you but does no damage.
You hit the bat.
You kill the bat!
No target in view!
No target in view!
You start resting.
Health restored: 32
There is an open door here.
Items here: ) [ †† an uncursed dagger; an uncursed robe; a bat corpse; an orc corpse You butcher the bat corpse.
u - a chunk of flesh {@w0}
There is an open door here.
Items here: ) [ ÷ † an uncursed dagger; an uncursed robe; a bat skeleton; an orc corpse You butcher the orc corpse.
u - 4 chunks of flesh {@w0} (gained 3)
There is an open door here.
Things that are here:
an uncursed dagger; an uncursed robe; a bat skeleton A ball python comes into view.
There is an open door here.
There is a sacrificial altar of Ru here.
The helpless ball python fails to defend itself.
You hit the ball python.
You kill the ball python!
No target in view!
You open the door.
There is an open door here.
Eating one of 4 chunks of flesh {@w0}.
You eat one of the 4 chunks of flesh {@w0}.
You see here an uncursed hunting sling.
An orc wizard comes into view. It is wielding an enchanted dagger.
The orc wizard shouts!
You hear a shout!
An orc comes into view.
The orc shouts!
An orc priest comes into view.
The orc priest moves out of view.
The orc priest hits you but does no damage.
You thump the orc priest! Your bite misses the orc priest.
You block the orc priest's attack.
The orc wizard mumbles some strange words.
The orc wizard flickers and vanishes!
Deactivating autopickup; reactivate with Ctrl-A.
The orc barely misses you. The orc priest hits you.
You take 4 damage, and have 28/32 hp.
You hit the orc priest. The orc hits you but does no damage.
The orc priest hits you but does no damage.
You hit the orc priest.
You bite the orc priest, but do no damage.
The orc misses you.
The orc priest looks encouraged for a moment.
Something hits you but does no damage.
All of the chunks of flesh in your inventory have rotted away.
You barely miss the orc priest. Your bite misses the orc priest.
The orc hits you but does no damage. The orc priest barely misses you.
Something hits you but does no damage. The orc closely misses you.
The orc priest closely misses you. Something hits you but does no damage.
You barely miss the orc priest. You block the orc's attack.
The orc priest barely misses you. Something completely misses you.
You hit the orc priest but do no damage.
The orc hits you but does no damage.
The orc priest mumbles some strange prayers to Beogh against you.
Beogh smites you! Something hits you. The orc barely misses you.
You take 17 damage, and have 11/32 hp.
MASSIVE DAMAGE!!
You barely miss the orc priest.
The orc priest miscasts a cantrip.
Something hits you.
* * * LOW HITPOINT WARNING * * *
The orc closely misses you.
The orc priest miscasts a cantrip.
Something hits you.
* * * LOW HITPOINT WARNING * * *
You take 3 damage, and have 8/32 hp.
You hit the orc priest.
You kill the orc priest!
Your Conjurations skill increases to level 1!
Your Hexes skill increases to level 1!
Your Charms skill increases to level 1!
Your Summonings skill increases to level 1!
Your Necromancy skill increases to level 1!
Your Translocations skill increases to level 1!
Your Transmutations skill increases to level 1!
Your Fire Magic skill increases to level 1!
Your Air Magic skill increases to level 1!
Your Earth Magic skill increases to level 1!
You block the orc's attack. Something hits you.
* * * LOW HITPOINT WARNING * * *
You take 4 damage, and have 4/32 hp.
You hit something. The orc hits you but does no damage.
Something hits you but does no damage. The orc hits you but does no damage.
You closely miss something. Something hits you but does no damage.
The orc hits you.
You die...

# #.# #..# # #.###.##
.... ###.##..# ...#
.##.##.## ...# .##.#..#
...# .##.#.#### ##...##
.##......#######.....###
...............{o[......
..##.###.#######@#
.<#..###.### ##.#
..#.##.....# #$.#
..#.##.....####.##
.............#..#
..#..#.....#.#.##
.##..#.....#...##
.....................
.#.#.#.##.##..#######


You could see an orc.

Vanquished Creatures
  An orc priest (D:3)
  An orc wizard (D:3)
  An adder (D:2)
  A worm (D:2)
  A dart slug (D:3)
  A leopard gecko (D:3)
  7 goblins
  3 hobgoblins
  2 jackals (D:2)
  3 ball pythons
  7 bats
  3 frilled lizards
  3 kobolds
  6 rats
40 creatures vanquished.

Notes
Turn   | Place    | Note
-------+----------+-------------------------------------------
     0 | D:1      | Firecrotchwizard the Gnoll Wanderer began the quest for the Orb.
     0 | D:1      | Firecrotchwizard set off with: a book of Frost, the Almanac of Envenoming, a +0 buckler, a +0 robe, a +0 club, a bread ration {@e1}
     0 | D:1      | Reached XP level 1. HP: 13/13 MP: 8/8
     0 | D:1      | Identified the Almanac of Envenoming
     2 | D:1      | Learned a level 1 spell: Freeze
   207 | D:1      | Reached skill level 2 in Poison Magic
   272 | D:1      | Reached XP level 2. HP: 8/19 MP: 6/10
  1634 | D:2      | Reached XP level 3. HP: 24/25 MP: 11/11
  1861 | D:2      | Found a faded altar of an unknown god.
  1871 | D:2      | Became a worshipper of Ashenzari the Shackled
  1871 | D:2      | Reached * piety under Ashenzari
  2511 | D:2      | Reached skill level 1 in Invocations
  2765 | D:3      | Found a sacrificial altar of Ru.
  2774 | D:3      | Reached skill level 1 in Fighting
  2774 | D:3      | Reached skill level 1 in Short Blades
  2774 | D:3      | Reached skill level 1 in Long Blades
  2774 | D:3      | Reached skill level 1 in Axes
  2774 | D:3      | Reached skill level 1 in Maces & Flails
  2774 | D:3      | Reached skill level 1 in Polearms
  2774 | D:3      | Reached skill level 1 in Staves
  2774 | D:3      | Reached skill level 1 in Slings
  2774 | D:3      | Reached skill level 1 in Bows
  2774 | D:3      | Reached skill level 1 in Crossbows
  2774 | D:3      | Reached skill level 1 in Armour
  2774 | D:3      | Reached skill level 1 in Dodging
  2774 | D:3      | Reached skill level 1 in Stealth
  2774 | D:3      | Reached skill level 1 in Unarmed Combat
  2774 | D:3      | Reached skill level 1 in Evocations
  2774 | D:3      | Reached XP level 4. HP: 20/32 MP: 13/13
  2998 | D:3      | HP: 8/32 [something (1)]
  2999 | D:3      | Reached skill level 1 in Conjurations
  2999 | D:3      | Reached skill level 1 in Hexes
  2999 | D:3      | Reached skill level 1 in Charms
  2999 | D:3      | Reached skill level 1 in Summonings
  2999 | D:3      | Reached skill level 1 in Necromancy
  2999 | D:3      | Reached skill level 1 in Translocations
  2999 | D:3      | Reached skill level 1 in Transmutations
  2999 | D:3      | Reached skill level 1 in Fire Magic
  2999 | D:3      | Reached skill level 1 in Air Magic
  2999 | D:3      | Reached skill level 1 in Earth Magic
  3001 | D:3      | Slain by an orc

Vault maps used:
D:1:      dpeg_arrival_subterranean_lakeside_camping
D:2:      chequers_ecumenical_altar_simple_redux, roderic_serpentine_path,
          serial_bayou_pond_a
D:3:      lemuel_crystal_altar, first_bread, dk_noncrumbling_3,
          nicolae_ru_great_annihilating_truth

Skill      XL: |  1  2  3  4 |
---------------+-------------+-----
Poison Magic   | 2 |  2.3
Invocations    | 1 |  1.3
Fighting       | 1 |  1.2
Short Blades   | 1 |  1.2
Long Blades    | 1 |  1.2
Axes           | 1 |  1.2
Maces & Flails | 1 |  1.2
Polearms       | 1 |  1.2
Staves         | 1 |  1.2
Slings         | 1 |  1.2
Bows           | 1 |  1.2
Crossbows      | 1 |  1.2
Armour         | 1 |  1.2
Dodging        | 1 |  1.2
Stealth        | 1 |  1.2
Unarmed Combat | 1 |  1.2
Evocations     | 1 |  1.2
Conjurations   | 1 |  1.0
Hexes          | 1 |  1.0
Charms         | 1 |  1.0
Summonings     | 1 |  1.0
Necromancy     | 1 |  1.0
Translocations | 1 |  1.0
Transmutations | 1 |  1.0
Fire Magic     | 1 |  1.0
Air Magic      | 1 |  1.0
Earth Magic    | 1 |  1.0
Throwing       | |  2.8
Shields        | |  2.8
Spellcasting   | |  7.2
Ice Magic      | |  7.1

Action                   |  1- 3 |  4- 6 || total
-------------------------+-------+-------++-------
Melee: Club              |    68 |       ||    68
       Bite              |    13 |     1 ||    14
       Mace              |    77 |    12 ||    89
 Cast: Freeze            |     3 |       ||     3
 Stab: Sleeping          |     1 |       ||     1
       Paralysed         |       |     1 ||     1
  Eat: Chunk             |     6 |     1 ||     7
Armor: Robe              |    26 |       ||    26
       Scale mail        |    12 |    13 ||    25
Dodge: Dodged            |    88 |     9 ||    97
Block: Buckler           |    40 |     4 ||    44

Table legend:
 A = Spawn XP
 B = Non-spawn XP
 C = Spawn XP percentage of total XP
 D = Spawn monster count
 E = Non-spawn monster count
 F = Spawn count percentage of total count
 G = Total turns spent on level
                    A         B        C        D         E        F      G
               +---------+---------+-------+---------+---------+-------+---------
         Total |       0 |     152 |   0.0 |       0 |      40 |   0.0 |  3001
               +---------+---------+-------+---------+---------+-------+---------
           D:1 |       0 |      29 |   0.0 |       0 |      21 |   0.0 |  1507
           D:2 |       0 |      30 |   0.0 |       0 |      10 |   0.0 |  1167
           D:3 |       0 |      93 |   0.0 |       0 |       9 |   0.0 |   327
               +---------+---------+-------+---------+---------+-------+---------

Vault maps used:
D:1:      dpeg_arrival_subterranean_lakeside_camping
D:2:      chequers_ecumenical_altar_simple_redux, roderic_serpentine_path,
          serial_bayou_pond_a
D:3:      lemuel_crystal_altar, first_bread, dk_noncrumbling_3,
          nicolae_ru_great_annihilating_truth

Table legend:
 A = Turns spent in this place as a percentage of turns spent in the entire game.
 B = Non-inter-level travel turns spent in this place as a percentage of non-inter-level travel turns spent in the entire game.
 C = Inter-level travel turns spent in this place as a percentage of turns spent in this place.
 D = Turns resting spent in this place as a percentage of non-inter-level travel turns spent in this place.
 E = Turns spent auto-exploring this place as a percentage of non-inter-level travel turns spent in this place.
 F = Non-inter-level travel turns spent in this place divided by the number of levels of this place that you've seen.
                   A       B       C       D       E      F
               +-------+-------+-------+-------+-------+----------------------
         Total | 100.0 | 100.0 |   2.7 |  41.4 |  47.0 | 973.7
       Dungeon | 100.0 | 100.0 |   2.7 |  41.4 |  47.0 | 973.7
               +-------+-------+-------+-------+-------+----------------------

Table legend:
 A = Kills in this place as a percentage of kills in entire the game.
 B = Kills by you in this place as a percentage of kills by you in the entire game.
 C = Kills by friends in this place as a percentage of kills by friends in the entire game.
 D = Other kills in this place as a percentage of other kills in the entire game.
 E = Experience gained in this place as a percentage of experience gained in the entire game.
 F = Experience gained in this place divided by the number of levels of this place that you have seen.
                   A       B       C       D       E      F
               +-------+-------+-------+-------+-------+----------------------
         Total | 100.0 | 100.0 |   N/A |   N/A | 100.0 |  50.7
       Dungeon | 100.0 | 100.0 |   N/A |   N/A | 100.0 |  50.7
               +-------+-------+-------+-------+-------+----------------------
